 Dungeon Crawl Stone Soup version 0.30-a0-956-gcec3b41aec (webtiles) character file.

Game seed: 15982206284725070928

868 bande the Chopper (level 8, -6/48 HPs)
             Began as a Gargoyle Fighter on Mar 29, 2023.
             Killed from afar by Maggie (22 damage)
             ... with a bolt of fire
             ... on level 6 of the Dungeon.
             The game lasted 00:06:10 (3846 turns).

bande the Chopper (Gargoyle Fighter)                Turns: 3846, Time: 00:06:11

Health: -6/48      AC: 20    Str: 26    XL:     8   Next: 3%
Magic:  8/8        EV:  6    Int:  9    God:
Gold:   176        SH: 14    Dex: 13    Spells: 7/7 levels left

rFire   . . .      SeeInvis .    a - +0 war axe
rCold   . . .      Faith    .    j - +5 kite shield of Love and Death {rElec Str+3 Dex+2 Stlth-}
rNeg    + . .      Spirit   .    n - +0 chain mail
rPois   ∞          Reflect  .    e - +1 hat
rElec   +          Rampage  .    (no cloak)
rCorr   +                        l - +0 pair of gloves of Repulsion {rCorr Str+3}
Will    .....                    q - +2 pair of boots Stlth
                                 (no amulet)
HPRegen 0.28/turn                (no ring)
MPRegen 0.11/turn                (no ring)

@: no status effects
A: sickness immunity, AC +5, negative energy resistance 1, electricity
resistance, torment resistance 1, petrification resistance
a: no special abilities


You were on level 6 of the Dungeon.
You visited 1 branch of the dungeon, and saw 6 of its levels.

You collected 176 gold pieces.

Inventory:

Hand Weapons
 a - a +0 war axe (weapon)
 p - a +0 flail
 u - a +0 war axe
Armour
 e - a +1 hat (worn)
 j - the +5 kite shield of Love and Death (worn) {rElec Str+3 Dex+2 Stlth-}
   (You found it on level 2 of the Dungeon)

   Str:       It affects your strength (+3).
   Dex:       It affects your dexterity (+2).
   rElec:     It insulates you from electricity.
   Stlth:     It makes you less stealthy.
 l - the +0 pair of gloves of Repulsion (worn) {rCorr Str+3}
   (You found it on level 3 of the Dungeon)

   Str:       It affects your strength (+3).
   rCorr:     It protects you from acid and corrosion.
 n - a +0 chain mail (worn)
 q - a +2 pair of boots (worn)
Jewellery
 h - an amulet of magic regeneration
Scrolls
 c - a scroll of fog
Potions
 d - 2 potions of might
 f - 2 potions of brilliance
 g - 2 potions of flight
 i - 4 potions of curing
 k - a potion of resistance
 m - a potion of invisibility {unknown}
 r - 3 potions of mutation {unknown}
 s - a potion of ambrosia {unknown}
 t - a potion of attraction {unknown}


   Skills:
 + Level 4.7 Fighting
 + Level 5.8 Axes
 + Level 5.0 Armour
 + Level 5.7 Shields


You had 7 spell levels left.
You didn't know any spells.
Your spell library contained the following spells:

 Spells                   Type           Power      Damage    Failure   Level
 Scorch                   Fire           0%         2d5       100%        2
 Ozocubu's Armour         Ice            0%         N/A       100%        3
 Flame Wave               Conj/Fire      0%         2d4       100%        4
 Summon Cactus Giant      Summ           0%         N/A       100%        6
 Ozocubu's Refrigeration  Ice            0%         4d7       100%        7


Dungeon Overview and Level Annotations

Branches:
Dungeon (6/15)
 Temple: D:4-7

Altars:
Ashenzari
Elyvilon
Kikubaaqudgha
Qazlal
Trog

Annotations:
D:6 Maggie


Innate Abilities, Weirdness & Mutations

You are immune to sickness and miasma.
Your stone body is resilient. (AC +5)
You are immune to poison.
You resist negative energy. (rN+)
You are resistant to electric shocks. (rElec)
You are resistant to unholy torment.
You are immune to petrification.


Message History

You barely miss Maggie.
Maggie is heavily wounded.
You miss something. Something hits you but does no damage.
Maggie hits you but does no damage.
You slash Maggie!
Maggie is severely wounded.
You miss something.
An orc wizard appears from thin air!
Reactivating autopickup.
The orc wizard points at you and mumbles some strange words.
The magic dart hits you but does no damage.
Maggie hits you but does no damage.
Maggie casts a spell.
Maggie attempts to bespell you! You resist with almost no effort.
The orc wizard casts a spell at you. You block the puff of flame.
You miss the orc wizard.
The orc wizard is heavily wounded.
You hit Maggie.
The orc wizard hits you but does no damage.
Maggie hits you with a +1 scimitar of electrocution!
* * * LOW HITPOINT WARNING * * *
You barely miss the orc wizard.
The orc wizard is heavily wounded.
You hit Maggie but do no damage.
The orc wizard hits you but does no damage.
Maggie practices a pose.
Maggie hits you with a +1 scimitar of electrocution.
* * * LOW HITPOINT WARNING * * *
The orc wizard hits you but does no damage.
Maggie hits you but does no damage.
You feel much better. You block the orc wizard's attack.
Maggie points at you and mumbles some strange words.
The bolt of fire hits you!
You slash the orc wizard!
The orc wizard is almost dead.
You closely miss Maggie.
The orc wizard hits you but does no damage.
Maggie gestures at you while chanting. The bolt of fire hits you!!
You die...

..............
.............
#............
#............
#............
#............
#...........
#...@.......
#...o@......
#...........
#..##......#
#..# ##...##
#..# #...#
##.## #...
##...# #..
#####...## #.


You could see Maggie and an orc wizard.

Vanquished Creatures
  2 water moccasins (D:6)
  A phantom (D:4)
  A kobold brigand (D:6)
  2 scorpions
  A howler monkey (D:5)
  2 orc priests
  A sleepcap (D:5)
  2 iguanas
  A gnoll (D:1)
  9 adders
  3 white imps
  A worm (D:2)
  A dart slug (D:2)
  6 orcs
  4 bats
  6 endoplasms
  4 giant cockroaches
  8 goblins
  4 hobgoblins
  14 jackals
  3 quokkas
  8 ball pythons
  2 frilled lizards
  12 kobolds
  5 rats
103 creatures vanquished.

Notes
Turn   | Place    | Note
-------+----------+-------------------------------------------
     0 | D:1      | bande the Gargoyle Fighter began the quest for the Orb.
     0 | D:1      | Reached XP level 1. HP: 14/14 MP: 1/1
    93 | D:1      | Reached XP level 2. HP: 17/19 MP: 2/2
   463 | D:1      | Reached XP level 3. HP: 22/23 MP: 3/3
   848 | D:2      | Found a faded altar of an unknown god.
   857 | D:2      | Reached XP level 4. HP: 27/29 MP: 4/4
  1196 | D:2      | Identified the +5 kite shield of Love and Death {rElec
                  | Str+3 Dex+2 Stlth-}
  1690 | D:3      | Reached XP level 5. HP: 22/33 MP: 5/5
  1913 | D:3      | Identified the +0 pair of gloves of Repulsion {rCorr Str+3}
  2525 | D:4      | Noticed a phantom
  2539 | D:4      | Killed a phantom
  2540 | D:4      | Reached XP level 6. HP: 34/38 MP: 6/6
  2923 | D:5      | Entered Level 5 of the Dungeon
  3175 | D:5      | Reached skill level 5 in Shields
  3243 | D:5      | Reached XP level 7. HP: 43/43 MP: 7/7
  3452 | D:5      | Found a bloodstained altar of Trog.
  3522 | D:5      | Found a broken altar of Ashenzari.
  3603 | D:6      | Reached skill level 5 in Axes
  3636 | D:6      | Found a white marble altar of Elyvilon.
  3746 | D:6      | Reached skill level 5 in Armour
  3787 | D:6      | Found a stormy altar of Qazlal.
  3788 | D:6      | Found an ancient bone altar of Kikubaaqudgha.
  3819 | D:6      | Noticed Maggie
  3826 | D:6      | Reached XP level 8. HP: 44/48 MP: 8/8
  3846 | D:6      | Killed from afar by Maggie

Illustrated notes

Levels and vault maps discovered:
D:1:      lemuel_arrival_room, layout_basic, st_stairs_13
D:2:      layout_rooms, ebering_ecumenical_altar_webs,
          small_statue_intersection, chequers_serial_rivers_room_a,
          nicolae_concentric_dashed_squares_wild
D:3:      layout_loops_ring, minmay_ruptured
D:4:      layout_loops_ring
D:5:      layout_cave_pools, kennysheep_mini_moat, trog_three_pillars_becter,
          minmay_misc_feat_hallway
D:6:      layout_cave_pods, elyvilon_altar_5, nicolae_overflow_squiral,
          nicolae_uskayaw_en_pointe, portal_sewer_entry_b, uniq_maggie,
          uniq_blork_the_orc

Skill      XL: |  1  2  3  4  5  6  7 |
---------------+----------------------+-----
Axes           | 2 3 4 5 |  5.8
Armour         | 4 5 |  5.0
Fighting       | 4 |  4.7
Shields        | 4 5 |  5.7

Action                     |  1- 3 |  4- 6 |  7- 9 || total
---------------------------+-------+-------+-------++-------
  Melee: War axe           |    98 |   221 |    88 ||   407
    Use: Scroll            |       |     9 |     1 ||    10
         Potion            |       |       |     1 ||     1
 Armour: Scale mail        |    93 |    41 |       ||   134
         Chain mail        |       |    69 |    62 ||   131
  Dodge: Dodged            |    88 |    76 |    10 ||   174
  Block: Buckler           |    30 |    12 |       ||    42
         Kite shield       |       |   122 |    82 ||   204

Table legend: (Time is in decaauts)
 A = Elapsed time spent in this place.
 B = Non-inter-level travel time spent in this place.
 C = Inter-level travel time spent in this place.
 D = Time resting spent in this place.
 E = Time spent auto-exploring this place.
 F = Levels seen in this place.
 G = Mean time per level.
                   A        B        C        D        E       F      G
               +--------+--------+--------+--------+--------+-----+--------+
         Total |   4022 |   3868 |    154 |    150 |   2715 |   6 |  670.3 |
       Dungeon |   4022 |   3868 |    154 |    150 |   2715 |   6 |  670.3 |
               +--------+--------+--------+--------+--------+-----+--------+

Top non-repeatable levels by time:
     D:1: 883 daAuts
     D:3: 845 daAuts
     D:5: 671 daAuts
     D:2: 666 daAuts
     D:4: 657 daAuts
     D:6: 297 daAuts
